Match 42089648
Unlisted

Match 42089648
End
Construct Section Command Post
Selects Australian Defense Battlegroup
Selects Australian Light Infantry Section
Infantry Section
Infantry Section
Infantry Section
Infantry Section
Construct Platoon Command Post
CMP 15cwt Truck
Selects 2-pounder Anti-tank Gun Team
2-pounder Anti-tank Gun Team
Grenade Package
2-pounder Anti-tank Gun Team
6-pounder Anti-tank Gun Team
Construct Company Command Post
Matilda II Heavy Tank
Infantry Training
Selects Vehicle Over Repair
Crusader II Medium Tank
Team Weapon Training
Crusader II Medium Tank
Selects CMP 15cwt Supply Run
Selects Reinforced Resource Caches
FocusFuelOrFaceMyWrath
Snax254
Socrates
Tanith's Finest
LECHU
SgtSlaughter
Pat216
[DziczeDzieci]Cygan
0
0

Comments sign in to comment!

No comments posted yet!